Map: Galactic Process LE

Players

Elazer

  • Race: Zerg Zerg

Dark - Winner!

  • Race: Zerg Zerg

Event: 2016 WCS Global Finals

VOD

Have the link to the VOD?

Description

Time

  • Played on: Nov. 5, 2016, 3:18 p.m.
  • Length: 14:49

All games in this series

Show
View Real Time Build Order
Export as new Build Order

Elazer Zerg 

Build Orders: Hatch First, Lurkers 

Get SALT Encoding   

  12  0:00  Drone  
  13  0:12  Overlord  
  13  0:16  Drone  
  14  0:30  Drone x2  
  14  0:34  Drone  
  17  0:44  Drone  
  18  0:54  Hatchery  
  17  0:57  Drone  
  17  0:59  Extractor  
  17  1:12  Spawning Pool  
  17  1:15  Drone  
  17  1:19  Drone  
  18  1:27  Drone  
  19  1:38  Overlord  
  19  1:51  Drone  
  20  1:58  Queen  
  20  2:00  Drone  
  23  2:04  Metabolic Boost  
  23  2:05  Queen  
  23  2:06  Zergling x2  
  26  2:11  Drone  
  27  2:17  Drone  
  28  2:29  Drone, Zergling x2  
  30  2:35  Hatchery  
  29  2:41  Baneling Nest  
  29  2:44  Drone  
  29  2:50  Overlord  
  29  2:53  Drone  
  29  2:54  Drone  
  29  2:55  Drone  
  32  3:00  Drone  
  32  3:04  Overlord  
  33  3:07  Drone  
  33  3:09  Drone  
  35  3:14  Drone  
  35  3:15  Drone  
  37  3:26  Drone x2  
  39  3:27  Overlord  
  39  3:29  Drone x2  
  39  3:31  Drone  
  42  3:39  Extractor  
  42  3:40  Roach Warren  
  40  3:42  Drone x3  
  40  3:47  Drone  
  44  3:51  Overlord  
  44  3:53  Drone  
  44  3:54  Drone, Evolution Chamber  
  45  3:59  Queen  
  45  4:02  Overlord  
  47  4:13  Extractor, Lair  
  45  4:22  Drone x3  
  45  4:23  Drone x3  
  51  4:24  Zerg Missile Weapons Level 1  
  51  4:25  Drone x2  
  51  4:26  Drone  
  51  4:28  Roach  
  51  4:30  Roach  
  58  4:33  Roach  
  58  4:38  Drone x3  
  63  4:41  Drone x2  
  65  4:46  Drone  
  66  4:54  Overlord  
  66  4:57  Roach x3  
  66  4:58  Drone x3  
  66  4:59  Extractor  
  74  5:01  Roach x2  
  74  5:03  Overlord  
  74  5:06  Unknown  
  78  5:11  Glial Reconstitution  
  78  5:13  Drone  
  78  5:14  Drone  
  80  5:18  Roach x5  
  89  5:26  Extractor  
  89  5:28  Overlord  
  88  5:35  Drone x2, Hydralisk Den  
  90  5:36  Drone  
  90  5:37  Overlord  
  90  5:39  Extractor  
  89  5:46  Overseer  
  89  5:47  Drone x3  
  89  5:48  Drone x3  
  89  5:49  Overlord  
  95  5:50  Drone x2  
  95  5:54  Spore Crawler  
  95  5:56  Spore Crawler  
  95  6:00  Overlord  
  96  6:04  Drone x2  
  96  6:09  Lurker Den, Hydralisk  
  96  6:10  Spore Crawler, Hydralisk x4  
  106  6:14  Overlord  
  106  6:16  Drone  
  106  6:17  Spore Crawler  
  106  6:18  Drone  
  106  6:21  Zerg Ground Armor Level 1  
  106  6:22  Hydralisk  
  109  6:28  Queen  
  109  6:29  Spore Crawler  
  109  6:31  Queen  
  112  6:37  Drone  
  112  6:38  Drone  
  114  6:41  Overlord x2, Hydralisk  
  116  6:52  Overlord  
  116  6:55  Unknown  
  116  7:00  Drone x2  
  116  7:01  Hydralisk  
  116  7:02  Hydralisk x4  
  116  7:04  Zergling x2  
  127  7:09  Overseer  
  127  7:13  Overlord  
  127  7:15  Roach x4  
  135  7:18  Roach  
  137  7:27  Overlord  
  137  7:35  Lurker  
  137  7:36  Muscular Augments  
  138  7:37  Overlord  
  137  7:45  Overlord x2  
  137  7:47  Roach x2  
  137  7:48  Roach x2  
  137  7:49  Lurker  
  146  7:51  Unknown  
  146  7:55  Overlord  
  146  7:59  Hatchery  
  146  8:04  Hydralisk x7  
  159  8:09  Overlord  
  159  8:13  Roach x5  
  159  8:17  Zerg Missile Weapons Level 2  
  159  8:19  Lurker x2  
  171  8:20  Overlord  
  171  8:32  Overlord x2  
  171  8:33  Roach  
  171  8:34  Roach x4  
  181  8:44  Overseer  
  181  8:46  Roach x6  
  191  8:50  Overlord  
  191  8:51  Unknown x3  
  188  9:00  Roach x5  
  187  9:13  Overlord  
  180  9:18  Overlord  
  176  9:27  Overlord  
  176  9:30  Roach  
  176  9:31  Roach x3  
  180  9:38  Roach  
  178  9:42  Overlord  
  167  9:53  Roach x2  
  167  9:56  Lurker  
  167  9:57  Lurker  
  167  9:58  Burrow  
  173  10:03  Hatchery  
  173  10:06  Overlord  
  170  10:21  Roach x7  
  154  10:42  Drone x3  
  155  10:44  Overlord  
  155  10:55  Overlord  
  155  10:56  Drone x3  
  155  10:57  Drone  
  157  10:59  Queen  
  159  11:05  Overlord  
  159  11:09  Lurker x3  
  161  11:21  Overlord  
  161  11:22  Tunneling Claws  
  161  11:27  Drone x4  
  161  11:30  Unknown x2  
  165  11:39  Overlord  
  166  11:40  Drone x4  
  169  12:00  Overlord  
  167  12:02  Hatchery, Hydralisk  
  167  12:03  Hydralisk  
  170  12:09  Hydralisk x2  
  170  12:15  Unknown  
  174  12:25  Hydralisk x5  
  174  12:29  Hydralisk x2  
  188  12:38  Hydralisk x4  
  172  12:52  Hydralisk x6  
  172  13:11  Hydralisk  
  172  13:12  Hydralisk x4  
  167  13:18  Drone x5  
  149  13:35  Hydralisk x5  
  126  13:42  Roach x2  
  126  13:43  Roach x12  
  122  13:50  Roach x3  
  128  13:56  Roach x3  
  128  13:59  Unknown x3  
  134  14:05  Lurker x3  
  134  14:08  Overseer  
  119  14:18  Overlord  
  111  14:28  Roach x8  
Show
View Real Time Build Order
Export as new Build Order

Dark Zerg - Winner!

Build Orders: Hatch First, Lurkers 

Get SALT Encoding   

  12  0:00  Drone  
  13  0:12  Overlord  
  13  0:17  Drone  
  14  0:30  Drone x2  
  14  0:35  Drone  
  17  0:52  Hatchery  
  17  0:55  Drone  
  17  0:58  Drone  
  18  1:10  Extractor  
  17  1:12  Spawning Pool  
  17  1:15  Drone  
  17  1:19  Drone  
  18  1:28  Drone  
  19  1:40  Overlord  
  19  1:55  Drone  
  19  2:00  Queen  
  19  2:01  Zergling x2  
  23  2:03  Queen  
  23  2:04  Drone  
  26  2:11  Metabolic Boost  
  26  2:13  Drone  
  28  2:15  Drone  
  28  2:22  Drone  
  29  2:26  Drone  
  30  2:30  Baneling Nest  
  30  2:35  Drone  
  30  2:40  Drone  
  31  2:50  Hatchery  
  30  2:54  Zergling x2  
  30  2:57  Overlord  
  31  3:00  Drone x2  
  31  3:04  Drone  
  34  3:08  Zergling x2  
  34  3:09  Drone  
  36  3:15  Drone x2, Baneling x2  
  36  3:16  Drone  
  36  3:19  Drone  
  40  3:25  Queen  
  42  3:33  Overlord  
  41  3:36  Drone x2  
  41  3:39  Lair  
  43  3:51  Overlord  
  43  3:53  Extractor  
  43  3:55  Drone x3, Extractor  
  44  3:56  Roach Warren  
  44  3:58  Drone  
  44  4:00  Drone x2  
  46  4:09  Drone x2  
  48  4:13  Overlord  
  48  4:14  Drone, Evolution Chamber  
  48  4:20  Zergling x4  
  48  4:22  Overlord  
  48  4:23  Drone x2  
  52  4:26  Drone  
  52  4:30  Overlord  
  52  4:31  Drone  
  54  4:33  Drone  
  54  4:38  Extractor  
  54  4:41  Spire  
  54  4:45  Overseer  
  52  4:55  Drone x3  
  52  4:57  Spine Crawler  
  52  4:58  Drone  
  55  5:04  Drone x4  
  55  5:07  Drone x4  
  62  5:09  Drone, Extractor  
  63  5:14  Drone x2  
  63  5:20  Extractor  
  64  5:22  Overlord  
  64  5:27  Roach x4  
  74  5:28  Roach  
  74  5:30  Roach  
  76  5:39  Overlord  
  76  5:40  Zergling x6  
  76  5:41  Zergling x2  
  80  5:52  Mutalisk  
  80  5:53  Mutalisk x5  
  80  5:56  Mutalisk  
  94  6:06  Glial Reconstitution  
  94  6:07  Zerg Missile Weapons Level 1  
  94  6:08  Drone x4  
  94  6:09  Drone  
  99  6:12  Drone x2  
  99  6:15  Drone x2  
  99  6:16  Drone  
  99  6:18  Drone  
  105  6:19  Drone  
  106  6:30  Overlord x2  
  106  6:34  Overseer  
  106  6:38  Overlord x2  
  106  6:42  Overlord x3  
  106  6:50  Hatchery  
  106  6:51  Roach x4  
  113  7:00  Roach x3  
  121  7:01  Roach x3  
  121  7:05  Roach  
  121  7:06  Hydralisk Den  
  126  7:12  Roach x4  
  126  7:14  Roach  
  136  7:16  Roach  
  136  7:17  Roach  
  136  7:20  Overlord  
  136  7:21  Roach  
  142  7:24  Roach x2  
  146  7:33  Roach x2  
  146  7:35  Overlord  
  150  7:38  Unknown  
  150  7:42  Roach x3  
  156  7:44  Roach x2  
  156  7:45  Roach x3  
  156  7:48  Roach x2  
  170  7:55  Overlord x2  
  170  8:01  Roach  
  170  8:05  Lurker Den  
  172  8:07  Ravager x3  
  172  8:08  Ravager x5  
  172  8:09  Ravager  
  172  8:10  Roach  
  183  8:13  Roach x2  
  183  8:15  Roach x2  
  183  8:17  Roach  
  183  8:18  Roach x2  
  183  8:19  Roach  
  199  8:29  Overlord x3  
  191  9:01  Hydralisk x3  
  191  9:02  Hydralisk x2  
  198  9:04  Hydralisk x2  
  198  9:06  Hydralisk x2  
  198  9:07  Overlord x2  
  182  9:20  Roach x3  
  182  9:22  Roach x3  
  163  9:35  Lurker x6  
  163  9:36  Drone x2  
  163  9:37  Drone x3  
  163  9:38  Roach x2  
  176  9:42  Roach  
  178  9:47  Roach  
  170  9:53  Zerg Missile Weapons Level 2  
  170  10:03  Roach x3  
  170  10:05  Extractor x2  
  170  10:06  Roach  
  170  10:07  Roach x6  
  185  10:15  Unknown x2  
  185  10:17  Roach x4  
  185  10:18  Roach  
  185  10:20  Roach x2  
  197  10:26  Roach  
  197  10:30  Drone x4  
  197  10:31  Spore Crawler  
  197  10:33  Roach  
  197  10:34  Overseer x2  
  198  10:36  Pneumatized Carapace  
  194  10:45  Roach x2  
  194  10:46  Roach  
  198  11:06  Infestation Pit  
  197  11:22  Muscular Augments, Hydralisk x2  
  187  11:57  Overlord x2  
  187  12:10  Zerg Ground Armor Level 1  
  187  12:26  Mutalisk x7  
  199  12:32  Overlord  
  197  12:49  Mutalisk x4  
  199  12:57  Hydralisk x4  
  195  13:09  Hydralisk x4  
  195  13:10  Hydralisk x2  
  193  13:13  Roach x5  
  193  13:17  Roach  
  193  13:19  Roach  
  191  13:24  Roach x2  
  191  13:30  Roach x2  
  191  13:31  Roach x4  
  191  13:32  Roach x4  
  185  13:35  Roach x4  
  185  13:37  Roach x2  
  185  13:38  Roach x3  
  163  13:41  Roach  
  163  13:45  Hydralisk x2  
  163  13:47  Ravager x2, Hydralisk, Lurker  
  172  13:50  Ravager x4  
  172  13:53  Roach x2  
  180  13:57  Roach  
  180  14:01  Roach  
  180  14:02  Overseer x2  
  184  14:03  Roach  
  184  14:07  Roach x2  
  184  14:09  Roach  
  177  14:15  Drone x2  
  177  14:16  Drone x3, Roach  
  177  14:17  Roach x3  
  186  14:19  Roach x3  
  193  14:25  Roach  
  193  14:26  Spine Crawler x2  
  193  14:27  Ravager x2  
  193  14:29  Roach x3  
  196  14:35  Hatchery  
Tags
 
Add a new tag
Caveats
  • Supply blocks, unpowered buildings, or Contaminate may cause inaccurate times.
  • Supply counts are checked every 10 seconds.